 Dungeon Crawl Stone Soup version 0.29.1-1-gd02db6906a (webtiles) character file.

Game seed: 6106437840104461915

1521 avis the Skirmisher (level 8, -2/94 HPs)
             Began as a Demigod Hunter on Sept 24, 2022.
             Slain by Edmund
             ... wielding a +1 vorpal dire flail
              (9 damage)
             ... on level 4 of the Dungeon on Sept 26, 2022.
             The game lasted 00:30:01 (5882 turns).

avis the Skirmisher (Demigod Hunter)                Turns: 5882, Time: 00:30:02

Health: -2/94      AC: 24    Str: 18    XL:     8   Next: 29%
Magic:  11/11      EV:  2    Int: 11    God:
Gold:   253        SH:  5    Dex: 25    Spells: 4/7 levels left

rFire   . . .      SeeInvis .   a - +0 shortbow
rCold   . . .      Faith    .   (shield currently unavailable)
rNeg    . . .      Spirit   .   (body armour currently unavailable)
rPois   +          Reflect  +   (helmet currently unavailable)
rElec   .          Harm     .   (cloak currently unavailable)
rCorr   .          Rampage  .   (gloves currently unavailable)
Will    +....      NoTele   +   (boots currently unavailable)
Stlth   +++.......              C - amulet of reflection
HPRegen 0.25/turn               r - +6 ring of strength
MPRegen 0.12/turn               v - ring of willpower

@: tree-form
A: stationary, stasis, torment immunity, boosted hp, high MP 1, forlorn, divine
attributes
a: no special abilities


You were on level 4 of the Dungeon.
You were a tree.
You visited 1 branch of the dungeon, and saw 5 of its levels.

You collected 253 gold pieces.

Inventory:

Hand Weapons
 a - a +0 shortbow (weapon)
 b - a +3 flail
 g - a +0 dagger
 p - a +2 whip of flaming
 q - a +0 sling
 x - a +5 club
Missiles
 m - 9 poisoned darts
Armour
 c - a +0 leather armour (melded)
Magical Staves
 s - a staff of cold
Jewellery
 r - a +6 ring of strength (left branch)
 v - a ring of willpower (right branch)
 C - an amulet of reflection (around neck)
Wands
 d - a wand of polymorph (2)
 y - a wand of flame (13)
Scrolls
 e - 2 scrolls of teleportation
 f - 2 scrolls of enchant weapon {unknown}
 h - a scroll of butterflies {unknown}
 j - 2 scrolls of blinking {unknown}
 k - 2 scrolls of vulnerability {unknown}
 n - a scroll of noise {unknown}
 t - 3 scrolls of silence
 B - 2 scrolls of immolation
Potions
 w - a potion of mutation {unknown}
 z - a potion of degeneration {unknown}
 A - a potion of magic {unknown}
 D - a potion of haste {unknown}


   Skills:
 + Level 3.3 Fighting
 * Level 9.5 Ranged Weapons
 - Level 3.0 Dodging
 - Level 2.0 Stealth
 * Level 0.1 Spellcasting
 - Level 1.0 Ice Magic


You had 4 spell levels left.
You knew the following spells:

 Your Spells              Type           Power      Damage    Failure   Level
a - Ozocubu's Armour      Ice            2%         N/A       56%         3

Your spell library contained the following spells:

 Spells                   Type           Power      Damage    Failure   Level
 Poisonous Vapours        Pois/Air       0%         N/A       47%         2
 Corpse Rot               Necr/Pois/Air  0%         N/A       98%         4
 Metabolic Englaciation   Hex/Ice        0%         N/A       100%        5
 Simulacrum               Ice/Necr       0%         N/A       100%        6


Dungeon Overview and Level Annotations

Branches:
Dungeon (5/15)
 Temple: D:4-7

Shops:
D:2 (

Annotations:
D:4 Edmund


Innate Abilities, Weirdness & Mutations

You are a tree.
Your roots penetrate the ground, keeping you stationary.
You cannot be teleported.
You are immune to unholy pain and torment.
Your maximum health is greatly increased.
Your equipment is partially melded.
You have an increased reservoir of magic. (+10% MP)
You shall have no god before yourself.
Your divine heritage dramatically boosts your attributes as you level up.


Message History

Fire: a) +0 shortbow
Press: ? - help, Q - select action, (/) - cycle Shift-Dir - straight line, f/p - Edmund
Aim: Edmund, wielding a +1 vorpal dire flail and wearing a +0 scale mail (heavily wounded, 72% to hit)
You shoot an arrow. The arrow hits Edmund.
Edmund is heavily wounded.
Edmund hits you with a +1 vorpal dire flail!
* * * LOW HITPOINT WARNING * * *
Fire: a) +0 shortbow
Press: ? - help, Q - select action, (/) - cycle Shift-Dir - straight line, f/p - Edmund
Aim: Edmund, wielding a +1 vorpal dire flail and wearing a +0 scale mail (heavily wounded, 72% to hit)
You shoot an arrow. The arrow closely misses Edmund.
You block Edmund's attack.
Fire: a) +0 shortbow
Press: ? - help, Q - select action, (/) - cycle Shift-Dir - straight line, f/p - Edmund
Aim: Edmund, wielding a +1 vorpal dire flail and wearing a +0 scale mail (heavily wounded, 72% to hit)
You shoot an arrow. The arrow closely misses Edmund.
Edmund hits you with a +1 vorpal dire flail!
* * * LOW HITPOINT WARNING * * *
x2
Okay, then.
Really quaff the potion of lignification?
You turn into a tree.
Your +0 leather armour melds into your body.
Your roots penetrate the ground.
Edmund hits you but does no damage.
Fire: a) +0 shortbow
Press: ? - help, Q - select action, (/) - cycle Shift-Dir - straight line, f/p - Edmund
Aim: Edmund, wielding a +1 vorpal dire flail and wearing a +0 scale mail (heavily wounded, 72% to hit)
You shoot an arrow. The arrow barely misses Edmund.
Edmund hits you but does no damage.
Fire: a) +0 shortbow
Press: ? - help, Q - select action, (/) - cycle Shift-Dir - straight line, f/p - Edmund
Aim: Edmund, wielding a +1 vorpal dire flail and wearing a +0 scale mail (heavily wounded, 72% to hit)
You shoot an arrow. The arrow closely misses Edmund.
Edmund hits you but does no damage.
Fire: a) +0 shortbow
Press: ? - help, Q - select action, (/) - cycle Shift-Dir - straight line, f/p - Edmund
Aim: Edmund, wielding a +1 vorpal dire flail and wearing a +0 scale mail (heavily wounded, 72% to hit)
You shoot an arrow. The arrow hits Edmund!
Edmund is severely wounded.
Edmund hits you with a +1 vorpal dire flail!
You die...

.........# #....#######
.######### #....#.....# .#......#
######.....#
.#......######..........#
.#...........#.....)....#
.#########...#..........# .#
#...'..........# .#
#..[#..........######### .#
#...#..♣..#'###......... .#
#...#...@.'...#.........
.#############.....#...#.........
...................#.<.#.........
...................#...#.........
...................#...#.........
.............>.....#...#.........
...................#...#.........
.########..........#####.........


You could see Edmund.

Vanquished Creatures
  Pikel (D:3)
  Grinder (D:3)
  Duvessa (D:4)
  An ogre (D:4)
  A lemure (D:3)
  A scorpion (D:4)
  Dowan (D:4)
  A gnoll bouda (D:4)
  4 hounds
  3 jellies
  2 orc priests (D:4)
  An iguana (D:5)
  An orc wizard (D:4)
  Ijyb (D:4)
  4 adders
  9 gnolls
  2 ufetubi
  A worm (D:3)
  4 dart slugs
  2 orcs
  3 bats
  5 endoplasms
  4 giant cockroaches
  9 goblins
  4 hobgoblins
  7 jackals (D:3)
  5 quokkas
  7 ball pythons
  6 frilled lizards
  5 kobolds
  3 rats (D:1)
100 creatures vanquished.

Notes
Turn   | Place    | Note
-------+----------+-------------------------------------------
     0 | D:1      | avis the Demigod Hunter began the quest for the Orb.
     0 | D:1      | Reached XP level 1. HP: 17/17 MP: 3/3
   241 | D:1      | Reached skill level 4 in Ranged Weapons
   286 | D:1      | Reached XP level 2. HP: 24/24 MP: 4/4
   855 | D:2      | Reached skill level 1 in Stealth
   920 | D:2      | Found Yco Hurph's Antique Weapon Shoppe.
   933 | D:2      | Reached XP level 3. HP: 29/29 MP: 5/5
  2148 | D:3      | Reached XP level 4. HP: 35/37 MP: 6/6
  2240 | D:3      | Learned a level 3 spell: Ozocubu's Armour
  2476 | D:2      | Reached skill level 5 in Ranged Weapons
  2759 | D:3      | Noticed Grinder
  2784 | D:3      | Paralysed by Grinder for 3 turns
  2793 | D:3      | Killed Grinder
  2794 | D:3      | Reached skill level 6 in Ranged Weapons
  2794 | D:3      | Reached skill level 1 in Ice Magic
  2794 | D:3      | Reached XP level 5. HP: 41/45 MP: 7/7
  2794 | D:3      | Reached XP level 6. HP: 47/51 MP: 8/8
  3205 | D:4      | Noticed Dowan
  3689 | D:4      | Reached skill level 7 in Ranged Weapons
  4302 | D:4      | Reached XP level 7. HP: 57/57 MP: 9/9
  4695 | D:4      | Noticed Pikel
  4966 | D:4      | Noticed Ijyb
  4993 | D:4      | Killed Ijyb
  5279 | D:3      | Killed Pikel
  5280 | D:3      | Reached skill level 9 in Ranged Weapons
  5280 | D:3      | Reached XP level 8. HP: 13/63 MP: 10/10
  5726 | D:4      | Noticed Duvessa
  5733 | D:4      | Killed Duvessa
  5736 | D:4      | Killed Dowan
  5851 | D:5      | Entered Level 5 of the Dungeon
  5868 | D:5      | Noticed Edmund
  5882 | D:4      | Slain by Edmund

Illustrated notes

Levels and vault maps discovered:
D:1:      mushboom_english_gardens, layout_loops_ring,
          ebering_ecumenical_altar_ruins
D:2:      layout_basic, serial_shops, shop, kennysheep_generic_room_15
D:3:      layout_rooms, minmay_goblin_outpost, uniq_grinder
D:4:      layout_gridville, xom_redecorated, minmay_misc_feat_columns,
          serial_park_tiny_1, minmay_crystal_room, uniq_pikel, uniq_ijyb,
          uniq_duvessa
D:5:      cheibrodos_fertilizer, layout_loops_ring,
          hellmonk_ghost_happy_afterlife, chequers_serial_rivers_micro_c,
          uniq_edmund

Skill      XL: |  1  2  3  4  5  6  7 |
---------------+----------------------+-----
Fighting       | 2 3 |  3.3
Ranged Weapons | 4 6 7 9 |  9.5
Dodging        | 2 3 |  3.0
Stealth        | 1 2 |  2.0
Ice Magic      | 1 |  1.0
Spellcasting   | |  0.1

Action                   |  1- 3 |  4- 6 |  7- 9 || total
-------------------------+-------+-------+-------++-------
Melee: Club              |       |       |    18 ||    18
       Unarmed           |       |       |    18 ||    18
 Fire: Shortbow          |   123 |   145 |    93 ||   361
  Use: Potion            |       |     3 |    10 ||    13
       Scroll            |       |     1 |     4 ||     5
Armor: Leather armour    |    12 |    21 |       ||    33
       Skin              |       |       |     3 ||     3
Dodge: Dodged            |    33 |    68 |    45 ||   146
Block: Other             |       |       |     8 ||     8
